AoeStats
← OM | Kerry Copyto

African Clearing

506528993Analyzed
4v4 RM · 19d ago on Sep 13, 2026· 49m 17s· 8 players
Game mode
Random Map
Map size
Large (8 player)
Population
200
Speed
Normal
Resources
Standard
Victory
Conquest
Starting age
Dark Age
Ending age
Imperial Age
RankedLock teamsTeams togetherTeam positionsShared explorationLock speedFull tech treeHidden civsTurbo modeCheats
Victory
Defeat
🇲🇽 Vietnamese · Mexico
1462
+11
🇲🇽 Magyars · Mexico
1404
+13
🇲🇽 Armenians · Mexico
1362
+15
🇲🇽 Wei · Mexico
1345
+16
🇦🇷 Persians · Argentina
1381
-15
🇦🇷 Huns · Argentina
1350
-14
🇲🇽 Vikings · Mexico
1334
-13
🇨🇴 Berbers · Colombia
1326
-13
la kakarota
14:10 Feudal Age
18:17 Castle Age
16:04 Loom
16:27 Scale Barding Armor
17:54 Horse Collar
18:02 Double-Bit Axe
22:59 Chain Barding Armor
22:50 Forging
30:44 Iron Casting
32:23 Fletching
45:16 Heavy Plow
45:30 Bow Saw
47:32 Marauders
BTJ william waller
8:04 Loom
13:45 Feudal Age
17:57 Castle Age
17:53 Bloodlines
21:25 Wheelbarrow
24:52 Double-Bit Axe
24:48 Horse Collar
26:42 Bow Saw
34:29 Ballistics
41:02 Pikeman
41:43 Squires
46:22 Stone Mining
46:23 Gold Mining
47:46 Gold Mining
[VA] Santi.TNT
9:20 Loom
11:55 Feudal Age
12:25 Double-Bit Axe
21:19 Castle Age
19:19 Horse Collar
20:25 Forging
23:31 Iron Casting
27:26 Scale Barding Armor
30:44 Chain Barding Armor
31:42 Bloodlines
34:11 Wheelbarrow
33:27 Town Watch
33:33 Gold Mining
33:35 Stone Mining
34:27 Husbandry
41:41 Imperial Age
39:29 Hand Cart
42:19 Gold Shaft Mining
43:05 Plate Barding Armor
41:55 Cavalier
42:58 Conscription
44:48 Blast Furnace
43:24 Light Cavalry
Koatlistak
8:04 Loom
11:54 Feudal Age
12:30 Double-Bit Axe
13:23 Town Watch
33:06 Fletching
40:52 Castle Age
39:02 Padded Archer Armor
40:23 Horse Collar
41:11 Gold Mining
41:04 Crossbowman
41:43 Bodkin Arrow
42:17 Bow Saw
43:32 Heavy Plow
45:10 Leather Archer Armor
OM | Romeo D. Sins
3:16 Loom
12:25 Feudal Age
13:03 Double-Bit Axe
15:31 Fletching
18:41 Horse Collar
24:03 Castle Age
22:54 Padded Archer Armor
24:51 Thumb Ring
24:42 Bodkin Arrow
25:08 Bow Saw
27:25 Leather Archer Armor
29:53 Husbandry
30:06 Bloodlines
34:18 Ballistics
34:33 Gold Mining
36:43 Wheelbarrow
39:39 Murder Holes
40:13 Hand Cart
44:13 Imperial Age
42:35 Scale Barding Armor
43:48 Gold Shaft Mining
43:03 Stone Mining
44:19 Town Watch
44:40 Heavy Plow
45:49 Chain Barding Armor
45:31 Bracer
46:01 Ring Archer Armor
46:34 Chemistry
46:01 Parthian Tactics
44:57 Heavy Cavalry Archer
45:47 Recurve Bow
46:08 Conscription
47:02 Light Cavalry
47:53 Town Patrol
48:30 Chain Barding Armor
48:42 Siege Engineers
49:58 Plate Barding Armor
Nataly_
4:31 Loom
12:14 Feudal Age
13:03 Double-Bit Axe
18:07 Fletching
22:24 Wheelbarrow
24:52 Castle Age
26:18 Scale Barding Armor
26:36 Bow Saw
28:15 Chain Barding Armor
29:39 Horse Collar
35:49 Gold Mining
37:39 Forging
37:31 Husbandry
37:41 Bloodlines
41:57 Imperial Age
39:21 Stone Mining
41:41 Heavy Plow
42:01 Hand Cart
42:16 Elite Tiger Cavalry
43:42 Ming Guang Armor
45:01 Iron Casting
45:57 Conscription
OM | Kerry Copyto
8:09 Loom
12:52 Feudal Age
14:03 Double-Bit Axe
15:23 Fletching
15:33 Padded Archer Armor
26:41 Castle Age
27:25 Bodkin Arrow
26:52 Crossbowman
28:51 Leather Archer Armor
30:41 Ballistics
35:46 Thumb Ring
37:07 Murder Holes
39:11 Bow Saw
47:05 Imperial Age
45:51 Husbandry
47:46 Bracer
48:51 Chemistry
47:51 Light Cavalry
49:48 Bloodlines
49:44 Scale Barding Armor
OM | Massiosare
8:36 Loom
12:00 Feudal Age
12:38 Man-at-Arms
14:56 Long Swordsman
34:15 Castle Age
32:44 Town Watch
42:52 Double-Bit Axe
44:48 Gold Mining
Connection lost

Rejoining the realm…

Still unreachable

The connection could not be restored.

Session expired

The server has moved on; the page needs a fresh start.